 Dungeon Crawl Stone Soup version 0.28-a0-297-g99b01970c5 (webtiles) character file.

Game seed: 2555856895756290586

49 Arne the Gusty (level 3, 0/20 HPs)
             Began as a Tengu Air Elementalist on Aug 29, 2021.
             Succumbed to an adder's poison
             ... on level 2 of the Dungeon.
             The game lasted 00:07:19 (2407 turns).

Arne the Gusty (Tengu Air Elementalist)             Turns: 2407, Time: 00:07:20

Health: 0/20       AC:  2    Str:  8    XL:     3   Next: 77%
Magic:  5/7        EV: 11    Int: 16    God:
Gold:   3          SH:  3    Dex: 14    Spells: 5/6 levels left

rFire   . . .      SeeInvis .   d - +0 dagger
rCold   . . .      Faith    .   b - +0 buckler
rNeg    + . .      Spirit   .   a - +0 robe
rPois   .          Reflect  .   (helmet restricted)
rElec   .          Harm     .   (no cloak)
rCorr   .          Rampage  .   (no gloves)
Will    .....                   (boots unavailable)
Stlth   ++........              (no amulet)
HPRegen 0.06/turn               o - ring of positive energy
MPRegen 0.10/turn               (no ring)

@: lethally poisoned (0 -> -11)
A: beak, talons 3
a: no special abilities


You were on level 2 of the Dungeon.
You visited 1 branch of the dungeon, and saw 2 of its levels.

You collected 23 gold pieces.
You spent 20 gold pieces at shops.

Inventory:

Hand Weapons
 d - a +0 dagger (weapon)
 h - a +0 quarterstaff of draining
Armour
 a - a +0 robe (worn)
 b - a +0 buckler (worn)
Jewellery
 o - a ring of positive energy (left hand)
Scrolls
 c - a scroll of summoning {unknown}
 j - a scroll of blinking {unknown}
 k - a scroll of identify
 l - a scroll of amnesia {unknown}
 m - 2 scrolls of noise {unknown}
 n - a scroll of fog {unknown}
Potions
 e - 2 potions of might {unknown}
 f - a potion of magic {unknown}
 g - a potion of resistance {unknown}
 i - a potion of attraction {unknown}


   Skills:
 * Level 0.3 Fighting
 + Level 0.1 Short Blades
 * Level 2.3 Dodging
 + Level 2.4 Stealth
 * Level 2.4 Spellcasting
 + Level 1.9 Conjurations
 + Level 5.0 Air Magic


You had 5 spell levels left.
You knew the following spells:

 Your Spells              Type           Power      Damage    Failure   Level
a - Shock                 Conj/Air       52%        1d6       8%          1

Your spell library contained the following spells:

 Spells                   Type           Power      Damage    Failure   Level
 Static Discharge         Conj/Air       13%        N/A       12%         2
 Swiftness                Air            18%        N/A       13%         3
 Summon Small Mammal      Summ           4%         N/A       32%         1
 Airstrike                Air            9%         N/A       38%         4
 Call Canine Familiar     Summ           1%         N/A       69%         3
 Summon Guardian Golem    Hex/Summ       1%         N/A       69%         3
 Sticky Flame             Conj/Fire      5%         2d3       91%         4
 Dispel Undead            Necr           1%         3d6       97%         4


Dungeon Overview and Level Annotations

Branches:
Dungeon (2/15)

Altars:

Shops:
D:1 *


Innate Abilities, Weirdness & Mutations

You have a beak for a mouth.
You have claws for feet.


Message History

You hit the jackal but do no damage. You claw the jackal.
The jackal is almost dead.
The jackal bites you. You block the jackal's attack.
You barely miss the jackal. Your kick misses the jackal.
The jackal is almost dead.
The jackal barely misses you.
You barely miss the jackal. Your peck misses the jackal.
The jackal is almost dead.
The jackal closely misses you. x2
You closely miss the jackal. Your peck misses the jackal.
The jackal is almost dead.
You block the jackal's attack.
You barely miss the jackal. You peck the jackal.
You kill the jackal!
A rat comes into view.
Casting: Shock (safe; 8% risk of failure)
Confirm with . or Enter, or press ? or * to list all spells.
Aiming: Shock (safe; 8% risk of failure)
Press: ? - help, Shift-Dir - straight line, f - adder
Aim: an adder (wandering, hasn't noticed you, 48% to hit)
The zap misses the adder.
The adder hisses angrily.
Casting: Shock (safe; 8% risk of failure)
Confirm with . or Enter, or press ? or * to list all spells.
Aiming: Shock (safe; 8% risk of failure)
Press: ? - help, Shift-Dir - straight line, f/p - adder
Aim: an adder (48% to hit)
The zap misses the adder.
The zap misses the giant cockroach.
You miss the adder. Your peck misses the adder. The adder bites you.
You are poisoned.
The adder poisons you!
You barely miss the adder. Your peck misses the adder.
You feel sick. The adder closely misses you. The adder bites you.
You are lethally poisoned!
The adder poisons you!
You completely miss the adder.
You feel very sick. The adder bites you.
* * * LOW HITPOINT WARNING * * *
You die...

##.......##..#.######
##...###...#..........
#...##[##..#.#..######
## #...##....###..†#
...##...######.#.#.#
....##.............#
#..###.........###
rg##...####....#.#
##...S.@..#####.#
.$##..B####....#.# #
#..###.........#
....##...........#
...##...######.#.# ##
#...##....##..#
#...##.##..####
##...###...#
###.......##


You could see a gnoll, an adder and a giant cockroach.

Vanquished Creatures
  An adder (D:2)
  A dart slug (D:2)
  4 endoplasms
  3 giant cockroaches
  3 goblins
  5 hobgoblins
  3 jackals
  3 quokkas
  4 ball pythons
  2 frilled lizards (D:2)
  3 kobolds (D:1)
32 creatures vanquished.

Notes
Turn   | Place    | Note
-------+----------+-------------------------------------------
     0 | D:1      | Arne the Tengu Air Elementalist began the quest for the
                  | Orb.
     0 | D:1      | Reached XP level 1. HP: 10/10 MP: 4/4
   107 | D:1      | Found Vuekkam's General Store.
   221 | D:1      | Found a faded altar of an unknown god.
   261 | D:1      | Reached XP level 2. HP: 5/15 MP: 1/6
  1201 | D:1      | Bought a scroll of identify for 20 gold pieces
  1424 | D:2      | Reached XP level 3. HP: 16/19 MP: 0/7
  1442 | D:2      | Reached skill level 5 in Air Magic
  2407 | D:2      | Succumbed to an adder's poison

Illustrated notes

Levels and vault maps discovered:
D:1:      heliophobic_arrival_enchanted_forest, layout_basic,
          chequers_ecumenical_altar_twisty, serial_shops, nicolae_diamond_shop,
          minivault_19
D:2:      layout_loops_corners, minmay_puff

Skill      XL: |  1  2  3 |
---------------+----------+-----
Air Magic      | 5 |  5.0
Fighting       | |  0.3
Short Blades   | |  0.1
Dodging        | |  2.3
Stealth        | |  2.4
Spellcasting   | |  2.4
Conjurations   | |  1.9

Action                   || total
-------------------------++-------
Melee: Unarmed           ||     7
       Kick              ||    16
       Dagger            ||    48
       Peck              ||    11
 Cast: Shock             ||    43
 Stab: Sleeping          ||     1
Armor: Robe              ||     2
Dodge: Dodged            ||    27
Block: Buckler           ||    10

Table legend: (Time is in decaauts)
 A = Elapsed time spent in this place.
 B = Non-inter-level travel time spent in this place.
 C = Inter-level travel time spent in this place.
 D = Time resting spent in this place.
 E = Time spent auto-exploring this place.
 F = Levels seen in this place.
 G = Mean time per level.
                   A        B        C        D        E       F      G
               +--------+--------+--------+--------+--------+-----+--------+
         Total |   2410 |   2309 |    101 |      0 |   1665 |   2 | 1205.0 |
       Dungeon |   2410 |   2309 |    101 |      0 |   1665 |   2 | 1205.0 |
               +--------+--------+--------+--------+--------+-----+--------+

Top non-repeatable levels by time:
     D:1: 1226 daAuts
     D:2: 1184 daAuts
